 Dungeon Crawl Stone Soup version 0.18.1-47-g9310371 (webtiles) character file.

26838 Peloso the Carver (level 13, -1/118 HPs)
             Began as a Minotaur Fighter on June 19, 2016.
             Was the Champion of Okawaru.
             Slain by a death yak (10 damage)
             ... on level 4 of the Lair of Beasts.
             The game lasted 00:53:09 (15841 turns).

Peloso the Carver (Minotaur Fighter)               Turns: 15841, Time: 00:53:11

Health: -1/118     AC: 18    Str: 23    XL:     13   Next: 1%
Magic:  13/13      EV: 10    Int:  5    God:    Okawaru [******]
Gold:   949        SH:  9    Dex: 13    Spells: 0 memorised, 12 levels left

rFire  x . .     SeeInvis .     R - +3 scimitar (flame)
rCold  + . .     Gourm    .     G - +0 plate armour
rNeg   . . .     Faith    .     b - +2 buckler
rPois  .         Spirit   .     j - +2 hat
rElec  .         Dismiss  .     (no cloak)
rCorr  .         Reflect  .     (no gloves)
SustAt .         Harm     .     (no boots)
MR     .....                    (no amulet)
Stlth  ..........               J - ring of ice
                                g - +4 ring of slaying

@: not resistant to hostile enchantments, extremely unstealthy
A: retaliatory headbutt, horns 2
a: Heroism, Finesse, Renounce Religion


You were on level 4 of the Lair of Beasts.
You worshipped Okawaru.
Okawaru was exalted by your worship.
You were not hungry.

You visited 4 branches of the dungeon, and saw 18 of its levels.
You also visited: Sewer.

You collected 949 gold pieces.

Inventory:

Hand Weapons
 E - a +2 falchion of holy wrath
 I - a +2 falchion of holy wrath
 R - a +3 scimitar of flaming (weapon)
 U - the +7 demon blade "Suceag" {freeze, rC+ Str-2 Int+3}
   (Okawaru gifted it to you on level 1 of the Orcish Mines)

   It has been specially enchanted to freeze those struck by it, causing extra
   injury to most foes and up to half again as much damage against particularly
   susceptible opponents.
   It can also slow down cold-blooded creatures.
   It affects your strength (-2).
   It affects your intelligence (+3).
   It protects you from cold.
Armour
 b - a +2 buckler (worn)
 j - a +2 hat (worn)
 G - a +0 plate armour (worn)
Jewellery
 g - a +4 ring of slaying (left hand)
 i - an uncursed ring of magical power
 H - an uncursed ring of resist corrosion
 J - a ring of ice (right hand)
 P - a +3 ring of protection
 Q - an uncursed amulet of guardian spirit
 S - an uncursed ring of protection from fire
Wands
 k - a wand of disintegration (13/24)
 M - a wand of digging (10/24)
Scrolls
 e - 8 scrolls of enchant armour
 m - 5 scrolls of remove curse
 s - 7 scrolls of teleportation
 w - a scroll of identify
 x - 5 scrolls of fog
 y - a scroll of blinking
 z - 2 scrolls of enchant weapon
 L - 2 scrolls of recharging
Potions
 d - a potion of might
 n - a potion of magic
 p - 5 potions of agility
 r - 3 potions of invisibility
 u - 13 potions of curing
 A - a potion of cancellation
 B - 3 potions of haste
 C - 3 potions of flight
 D - 3 potions of cure mutation
 Y - a potion of berserk rage {unknown}
Books
 a - a book of the Dragon

   Spells                             Type                      Level
   a - Flame Tongue                   Conjuration/Fire             1
   b - Cause Fear                     Hexes                        4
   c - Bolt of Fire                   Conjuration/Fire             6
   d - Dragon Form                    Transmutation                7
   e - Dragon's Call                  Summoning                    9
Comestibles
 c - 4 chunks of flesh
 f - 12 bread rations
 h - 24 fruits
 l - a slice of pizza
 o - 4 beef jerkies
 q - 9 royal jellies
 v - 3 meat rations


   Skills:
 + Level 12.1 Fighting
 + Level 13.6 Long Blades
 + Level 13.5 Armour
 + Level 6.4 Dodging
 + Level 1.5 Stealth
 + Level 11.8 Shields
 + Level 0.2 Invocations
 + Level 1.5 Evocations


You had 12 spell levels left.
You didn't know any spells.

Dungeon Overview and Level Annotations

Branches:
Dungeon (11/15)            Temple (1/1) D:4            Lair (4/8) D:8
 Shoals (0/4) Lair:4        Snake (0/4) Lair:4          Orc (2/2) D:9
    Elf: Orc:2

Altars:
Ashenzari
Cheibriados
Dithmenos
Elyvilon
Fedhas
Gozag
Kikubaaqudgha
Makhleb
Nemelex Xobeh
Okawaru
Pakellas
Qazlal
Ru
Sif Muna
Trog
Vehumet
Xom
Yredelemnul
Zin
The Shining One
Beogh

Shops:
D:4 :   D:8 !   D:11 =

Portals:
Ice
Cave: Lair:4


Innate Abilities, Weirdness & Mutations

You reflexively headbutt those who attack you in melee.
You have a pair of horns on your head.


Message History

You block the white imp's attack.
The white imp hits the plant but does no damage.
The white imp hits the plant.
The white imp freezes the plant.
A white imp comes into view.
The white imp shouts, "Disclaim thyself, thou erky doghearted foot-licker!"
You slash the white imp! You burn the white imp.
You kill the white imp!
Okawaru accepts your kill. The death yak gores you!
* * * LOW HITPOINT WARNING * * *
The death yak gores you!
* * * LOW HITPOINT WARNING * * *
You barely miss the white imp. You headbutt the white imp.
The white imp is heavily wounded.
The white imp gestures at you. The puff of frost hits you!
The white imp hits the plant but does no damage.
The white imp hits the plant.
The white imp freezes the plant.
The death yak gores you!
You die...

,**,***,**+,**
,*****,***,,* #####***,,,**
...#.##,,*### *####
..###.#+###.# ###*#...#***
....#.?.....####.#...(..,,*
..%.#.......+..Y.#5.....,**
........H......Y5555....,*
........Y....##Y@P5...5.,*
............####P#55.∩..**
............#* ###,.....*
.P.....+...#.# **,....**
.....##.Y..### *,,..#,*
.P....##.P.#**** *,,,P#**
.............,,* *,*,*#
.............#** **,,,*
..##.........P* **,,**


You could see 3 death yaks and 9 white imps.

Vanquished Creatures
  The ghost of tscho the Transmogrifier, a journeyman MfTm of Ashenzari (Lair:4)
  The ghost of Kloppie the Carver, a journeyman MiGl of Okawaru (Lair:4)
  Azrael (Orc:1)
  The ghost of Vincendra the Cleaver, a journeyman MiBe of Trog (Lair:4)
  An ettin (Orc:1)
  3 hydras
  Sonja (Lair:1)
  Nergalle (Lair:1)
  The ghost of teset the Covert, a novice KoAs (D:6)
  2 orc sorcerers
  Joseph (Lair:1)
  4 spiny frogs
  A gargoyle (D:10)
  5 komodo dragons
  A polar bear (Lair:3)
  A troll (D:9)
  Grinder (D:4)
  Sigmund (D:2)
  A wraith (D:10)
  A wyvern (D:9)
  23 yaks
  Eustachio (D:4)
  A fire elemental (Orc:1)
  2 hippogriffs
  A hungry ghost (D:10)
  3 vampire mosquitoes (D:9)
  2 wargs (Orc:1)
  A mottled dragon (D:10)
  5 porcupines
  Duvessa (D:4)
  4 water moccasins
  3 hell hounds
  7 orc warriors
  A wasp (D:11)
  An eye of draining (D:10)
  An ice beast (D:11)
  2 sky beasts
  A necrophage (D:6)
  2 phantoms (D:10)
  3 centaurs
  9 ogres
  7 crocodiles
  18 giant frogs
  A water moccasin zombie (D:9)
  3 wyvern skeletons
  Dowan (D:4)
  10 wights
  9 killer bees
  A spriggan skeleton (D:10)
  A howler monkey (D:8)
  4 crimson imps
  A jelly (D:10)
  21 orc priests
  24 orc wizards
  A gnoll shaman (D:8)
  3 hounds
  6 centaur skeletons
  Ijyb (D:4)
  6 worker ants
  Natasha (thrice) (D:2)
  5 iguanas
  14 sheep
  A worker ant zombie (D:9)
  Robin (D:4)
  12 gnolls
  A howler monkey skeleton (D:11)
  10 adders
  A shadow imp (D:10)
  2 white imps (Lair:4)
  4 oozes
  3 adder skeletons (D:5)
  5 worms
  3 dart slugs
  2 giant geckos
  69 orcs
  6 ball pythons
  15 giant cockroaches
  32 goblins
  13 hobgoblins
  11 jackals
  4 kobolds
  5 quokkas
  8 bats
  A giant gecko zombie (D:8)
  6 giant newts
  9 rats
468 creatures vanquished.

Vanquished Creatures (others)
  3 fungi
  2 plants
5 creatures vanquished.

Grand Total: 473 creatures vanquished

Notes
Turn   | Place    | Note
--------------------------------------------------------------
     0 | D:1      | Peloso the Minotaur Fighter began the quest for the Orb.
     0 | D:1      | Reached XP level 1. HP: 19/19 MP: 0/0
    90 | D:1      | Reached XP level 2. HP: 23/27 MP: 1/1
   344 | D:1      | Reached XP level 3. HP: 33/33 MP: 2/2
   371 | D:1      | Found a sparkling altar of Nemelex Xobeh.
   552 | D:2      | Reached skill level 1 in Dodging
   712 | D:2      | Noticed Sigmund
   721 | D:2      | Killed Sigmund
   721 | D:2      | Reached XP level 4. HP: 11/41 MP: 3/3
   721 | D:2      | Reached XP level 5. HP: 12/47 MP: 4/4
   864 | D:2      | Noticed Natasha
   867 | D:2      | Killed Natasha
   916 | D:2      | Noticed Natasha
   920 | D:2      | Killed Natasha
   920 | D:2      | Reached XP level 6. HP: 37/55 MP: 5/5
   943 | D:2      | Noticed Natasha
   945 | D:2      | Killed Natasha
  1274 | D:3      | Found a bloodstained altar of Trog.
  1414 | D:3      | Reached skill level 5 in Fighting
  1598 | D:3      | Found a white marble altar of Elyvilon.
  1871 | D:4      | Noticed Grinder
  1874 | D:4      | Paralysed by Grinder for 4 turns
  1910 | D:4      | Killed Grinder
  1910 | D:4      | Reached skill level 5 in Armour
  1910 | D:4      | Reached skill level 5 in Shields
  1910 | D:4      | Reached XP level 7. HP: 47/61 MP: 6/6
  1935 | D:4      | Noticed Robin
  1943 | D:4      | Killed Robin
  1971 | D:4      | Found Leutot's Book Boutique.
  2049 | D:4      | Found a staircase to the Ecumenical Temple.
  2054 | Temple   | Entered the Ecumenical Temple
  2225 | D:4      | Noticed Dowan
  2228 | D:4      | Found a deep blue altar of Sif Muna.
  2237 | D:4      | Killed Dowan
  2237 | D:4      | Reached skill level 5 in Long Blades
  2239 | D:4      | Noticed Duvessa
  2251 | D:4      | Killed Duvessa
  2521 | D:4      | Reached skill level 1 in Stealth
  2534 | D:4      | Noticed Ijyb
  2541 | D:4      | Killed Ijyb
  2727 | D:4      | Reached XP level 8. HP: 67/70 MP: 7/7
  2838 | D:4      | Noticed Eustachio
  2851 | D:4      | Killed Eustachio
  3042 | D:5      | Entered Level 5 of the Dungeon
  3111 | D:5      | Found a blossoming altar of Fedhas.
  3406 | D:5      | Found a glowing drain.
  3414 | Sewer    | Entered a sewer
  4599 | D:6      | Reached XP level 9. HP: 79/79 MP: 8/8
  4731 | D:6      | Noticed teset's ghost (novice KoAs)
  4738 | D:6      | Killed teset's ghost
  4788 | D:6      | HP: 4/81 [poisoned by an orc wizard]
  4796 | D:6      | HP: 4/81 [poisoned by an orc wizard]
  5241 | D:6      | Reached skill level 1 in Evocations
  5542 | D:6      | Reached skill level 5 in Dodging
  5837 | D:7      | Found an iron altar of Okawaru.
  5866 | D:7      | Became a worshipper of Warmaster Okawaru
  6441 | D:8      | Found a staircase to the Lair.
  6599 | D:8      | Found a basalt altar of Yredelemnul.
  6803 | D:8      | Found Ommeoc's Distillery.
  7079 | Lair:1   | Entered Level 1 of the Lair of Beasts
  7079 | Lair:1   | Noticed a komodo dragon
  7086 | Lair:1   | Killed a komodo dragon
  7086 | Lair:1   | Reached * piety under Okawaru
  7086 | Lair:1   | Reached XP level 10. HP: 90/90 MP: 9/9
  7087 | Lair:1   | Noticed a spiny frog
  7098 | Lair:1   | Killed a spiny frog
  7652 | Lair:1   | Noticed Nergalle
  7688 | Lair:1   | Killed Nergalle
  7688 | Lair:1   | Reached ** piety under Okawaru
  7688 | Lair:1   | Reached skill level 10 in Armour
  8131 | Lair:1   | Noticed an eight-headed hydra
  8453 | D:9      | Reached *** piety under Okawaru
  8461 | D:9      | Found a sparkling altar of Nemelex Xobeh.
  8461 | D:9      | Found an opulent altar of Gozag.
  8471 | D:9      | Reached skill level 10 in Long Blades
  8776 | D:9      | Found a staircase to the Orcish Mines.
  8861 | D:9      | Found a roughly hewn altar of Beogh.
  9063 | D:9      | Reached XP level 11. HP: 84/97 MP: 8/11
  9136 | D:9      | Reached **** piety under Okawaru
  9200 | D:10     | Entered Level 10 of the Dungeon
  9578 | D:10     | Reached skill level 10 in Fighting
 10665 | D:11     | Noticed a six-headed hydra
 10741 | Orc:1    | Entered Level 1 of the Orcish Mines
 10852 | Orc:2    | Entered Level 2 of the Orcish Mines
 10890 | Orc:2    | Noticed an ettin
 10909 | Orc:1    | Killed an ettin
 11483 | Orc:1    | Noticed an orc sorcerer
 11489 | Orc:1    | Killed an orc sorcerer
 11489 | Orc:1    | Reached skill level 10 in Shields
 11907 | Orc:2    | Noticed an orc sorcerer
 11917 | Orc:2    | Killed an orc sorcerer
 11917 | Orc:2    | Reached ***** piety under Okawaru
 12176 | Orc:2    | Found a shimmering altar of Xom.
 12178 | Orc:2    | Noticed Azrael
 12274 | Orc:1    | Killed Azrael
 12274 | Orc:1    | Received a gift from Okawaru
 12290 | Orc:1    | Got a slimy demon blade {god gift}
 12291 | Orc:1    | Identified the +7 demon blade "Suceag" {freeze, rC+ Str-2 Int+3} (Okawaru gifted it to you on level 1 of the Orcish Mines)
 12588 | D:11     | Killed a two-headed hydra
 12588 | D:11     | Reached XP level 12. HP: 83/108 MP: 12/12
 12752 | D:11     | Found Istrikuuq's Jewellery Shoppe.
 12971 | Lair:1   | Noticed Sonja
 12976 | Lair:1   | Killed Sonja
 13018 | Lair:1   | Noticed Joseph
 13031 | Lair:1   | Killed Joseph
 13122 | Lair:1   | Killed a six-headed hydra
 14061 | Lair:2   | Noticed an eight-headed hydra
 14068 | Lair:2   | Killed a five-headed hydra
 14289 | Lair:2   | Reached ****** piety under Okawaru
 14599 | Lair:3   | Received a gift from Okawaru
 15597 | Lair:4   | Noticed tscho's ghost (journeyman MfTm)
 15617 | Lair:4   | Noticed Vincendra's ghost (journeyman MiBe)
 15652 | Lair:4   | Killed tscho's ghost
 15661 | Lair:4   | Killed Vincendra's ghost
 15758 | Lair:4   | Noticed Kloppie's ghost (journeyman MiGl)
 15778 | Lair:4   | Killed Kloppie's ghost
 15778 | Lair:4   | Reached XP level 13. HP: 30/118 MP: 10/13
 15791 | Lair:4   | Found a staircase to the Shoals.
 15834 | Lair:4   | Found a frozen archway.
 15841 | Lair:4   | Slain by a death yak

Skill      XL: |  1  2  3  4  5  6  7  8  9 10 11 12 |
---------------+-------------------------------------+-----
Fighting       | 4 5 6 7 8 9 10 12 | 12.1
Shields        | 4 5 7 8 9 10 11 | 11.8
Dodging        | 2 3 4 5 6 |  6.4
Long Blades    | 3 4 5 7 8 10 12 13 | 13.6
Armour         | 4 5 6 7 9 11 12 13 | 13.5
Stealth        | 1 |  1.5
Evocations     | 1 |  1.5
Invocations    | |  0.2

Action                   |  1- 3 |  4- 6 |  7- 9 | 10-12 | 13-15 || total
-------------------------+-------+-------+-------+-------+-------++-------
Melee: Long sword        |    77 |    66 |   107 |       |       ||   250
       Headbutt          |     8 |    13 |    86 |   174 |     2 ||   283
       Falchion          |       |       |   283 |   458 |       ||   741
       Scimitar          |       |       |       |   297 |     5 ||   302
Invok: Heroism           |       |       |       |     4 |       ||     4
Evoke: Wand              |       |       |     6 |     3 |       ||     9
  Use: Scroll            |     2 |     2 |    10 |    17 |     2 ||    33
       Potion            |       |       |       |     6 |       ||     6
  Eat: Chunk             |       |     3 |    18 |    29 |     1 ||    51
Armor: Scale mail        |    63 |    18 |       |       |       ||    81
       Chain mail        |       |     8 |    90 |       |       ||    98
       Plate armour      |       |       |    96 |   298 |     4 ||   398
Dodge: Dodged            |    48 |    23 |   141 |   210 |     4 ||   426
Block: Shield            |    58 |    25 |   110 |       |       ||   193
       Buckler           |       |       |    48 |   257 |     2 ||   307
